 Dungeon Crawl Stone Soup version 0.12.2-12-gd1dd697 (webtiles) character file.

207 Rycklaryybbe the Cutter (level 4, 0/33 HPs)
             Began as a Demonspawn Assassin on July 19, 2013.
             Killed from afar by Sigmund (9 damage)
             ... with a puff of flame
             ... on Level 2 of the Dungeon.
             The game lasted 00:10:22 (3069 turns).

Rycklaryybbe the Cutter (Demonspawn Assassin)       Turns: 3069, Time: 00:10:22

HP   0/33        AC  3     Str 12      XL: 4   Next: 40%
MP   3/3         EV 11     Int 12      God:
Gold 112         SH  9     Dex 15      Spells:  0 memorised,  3 levels left

Res.Fire  : . . .   See Invis. : .   b - +0 blowgun
Res.Cold  : . . .   Warding    : .   c - +0 robe
Life Prot.: . . .   Conserve   : .   i - +0 buckler
Res.Poison: .       Res.Corr.  : .   (no helmet)
Res.Elec. : .       Clarity    : +   d - +0 cloak
Sust.Abil.: . .     Spirit.Shd : .   (no gloves)
Res.Mut.  : .       Stasis     : .   (no boots)
Res.Rott. : .       Ctrl.Telep.: .   v - amulet of clarity {unknown}
Saprovore : . . .   Flight     : .   (no ring)
                                     (no ring)

@: slightly resistant to hostile enchantments, fairly stealthy
A: no striking features
a: no special abilities


You were on level 2 of the Dungeon.
You were not hungry.

You visited 1 branch of the dungeon, and saw 2 of its levels.

You collected 62 gold pieces.

Inventory:

Hand weapons
 a - a +2,+2 dagger {=f}
 b - a +0 blowgun (weapon)
 u - a +2,+0 hand axe
Missiles
 e - 24 poisoned needles (quivered)
 f - 2 curare-tipped needles
 q - a throwing net [torn]
 s - 2 darts
Armour
 c - a +0 robe (worn)
 d - a +0 cloak (worn)
 i - a +0 buckler (worn)
Magical devices
 A - a wand of random effects (7)
Comestibles
 g - a bread ration
 h - a choko
 r - a rotting chunk of giant newt flesh
 z - a rotting chunk of giant newt flesh
Scrolls
 k - a scroll of enchant armour {unknown}
 m - a scroll of magic mapping {unknown}
 n - 3 scrolls of identify {unknown}
 o - a scroll of amnesia {unknown}
 p - a scroll of recharging {unknown}
 t - 2 scrolls of blinking {unknown}
 w - 2 scrolls of curse weapon {unknown}
 x - 3 scrolls of teleportation {unknown}
 y - a scroll of random uselessness {unknown}
Jewellery
 v - an amulet of clarity (around neck) {unknown}
Potions
 l - a potion of heal wounds


   Skills:
 - Level 2.0 Fighting
 + Level 3.6 Short Blades
 - Level 1.7 Throwing
 - Level 0.8 Dodging
 - Level 2.6 Stealth
 - Level 1.7 Stabbing
 + Level 2.0 Shields


You had 3 spell levels left.
You didn't know any spells.

Dungeon Overview and Level Annotations

Branches:
Dungeon (2/27)

Altars:

Annotations
D:2 Ijyb, Sigmund


Message History

You shoot a poisoned needle. The poisoned needle misses Sigmund.
Sigmund mumbles some strange words.
Sigmund flickers and vanishes!
Deactivating autopickup; reactivate with Ctrl-A.
It hits you!
Evoke which item? (* to show all) (? for menu, Esc to quit)
Zapping:
A - a bronze wand
Press: ? - help, Shift-Dir - straight line The magic dart hits something.
You feel that this wand is rather unreliable.
A - a wand of random effects {zapped: 1} It hits you!
The puff of flame hits you!
* * * LOW HITPOINT WARNING * * *
The puff of flame misses you.
You smell something rotten. (slot z) Sigmund casts a spell at you.
The puff of flame hits you!
Your scroll labeled SYODIGRYWKI catches fire!
You die...

..#...# #.....### ###.......
###...# #.###...# #...#....^
##### #.###...### #...#.....
########.........######...##...#
..................%............#
.########{{..#@..##...##########
####.##.###...# #.##.# #...#
#.##@# #...# #....# #...# ######
#####


You could see Sigmund.

Vanquished Creatures
  5 adders (D:2)
  2 worms (D:2)
  A giant gecko (D:1)
  4 bats (D:1)
  8 goblins
  3 hobgoblins (D:1)
  3 jackals (D:1)
  10 kobolds
  A quokka (D:2)
  3 ball pythons
  4 giant newts
  3 rats
47 creatures vanquished.

Notes
Turn   | Place    | Note
--------------------------------------------------------------
     0 | D:1      | Rycklaryybbe, the Demonspawn Assassin, began the quest for the Orb.
     0 | D:1      | Reached XP level 1. HP: 15/15 MP: 0/0
   319 | D:1      | Reached XP level 2. HP: 7/21 MP: 1/1
  1262 | D:1      | Reached skill level 3 in Short Blades
  1359 | D:1      | Reached XP level 3. HP: 14/26 MP: 2/2
  1755 | D:2      | Reached skill level 1 in Shields
  2123 | D:2      | Reached XP level 4. HP: 13/33 MP: 3/3
  2402 | D:2      | HP: 1/33 [poisoned by an adder]
  2883 | D:2      | Noticed Ijyb
  3036 | D:2      | Noticed Sigmund
  3069 | D:2      | Killed from afar by Sigmund

Action                   |  1- 3 |  4- 6 || total
-------------------------+-------+-------++-------
Melee: Dagger            |   125 |    53 ||   178
 Fire: Blowgun           |    13 |    14 ||    27
Throw: Throwing net      |     2 |     1 ||     3
Evoke: Wand              |       |     1 ||     1
  Use: Potion            |     2 |     2 ||     4
 Stab: Sleeping          |     1 |     2 ||     3
